 Dungeon Crawl Stone Soup version 0.25-a0-571-gb5e01bddfa (webtiles) character file.

Game seed: 9408416045445474016, levelgen mode: deterministic

2195 kae the Covert (level 9, -1/45 HPs)
             Began as a Vampire Enchanter on Feb 29, 2020.
             Was an Initiate of Dithmenos.
             Slain by a wight
             ... wielding a cursed +0 flail
              (12 damage)
             ... on level 7 of the Dungeon.
             The game lasted 00:08:35 (5979 turns).

kae the Covert (Vampire Enchanter)                  Turns: 5979, Time: 00:08:36

Health: -1/45      AC:  6    Str: 10    XL:     9   Next: 12%
Magic:  11/16      EV: 12    Int: 18    God:    Dithmenos [......]
Gold:   344        SH:  0    Dex: 14    Spells: 6/18 levels left

rFire    . . .     SeeInvis +   b - +1 dagger (vamp)
rCold    + + .     Gourm    .   (no shield)
rNeg     + + +     Faith    .   k - +0 robe
rPois    ∞         Spirit   .   l - +2 helmet
rElec    .         Reflect  .   (no cloak)
rCorr    .         Harm     .   (no gloves)
MR       .....                  n - +0 pair of boots
Stlth    +++++++...             (no amulet)
HPRegen  0.00/turn              e - ring of stealth
MPRegen  0.15/turn              o - ring of flight

@: confusing touch, bloodless
A: no food, fangs 3, see invisible, unbreathing
a: Bat Form, Revivify, Renounce Religion, Evoke Flight


You were on level 7 of the Dungeon.
You worshipped Dithmenos.
Dithmenos was noncommittal.
You were bloodless.

You visited 2 branches of the dungeon, and saw 8 of its levels.

You collected 344 gold pieces.

Inventory:

Hand Weapons
 a - a +4 dagger
 b - a +1 vampiric dagger (weapon)
 i - a +1 dagger of draining
 r - a +1 dagger
Armour
 k - a +0 robe (worn)
 l - a +2 helmet (worn)
 n - a +0 pair of boots (worn)
Jewellery
 e - a ring of stealth (left hand)
 o - a ring of flight (right hand)
 v - a cursed ring of attention {unknown}
Wands
 d - a wand of acid (7)
Scrolls
 c - a scroll of amnesia
 f - 6 scrolls of identify
 g - 4 scrolls of teleportation
 j - 4 scrolls of remove curse
 q - a scroll of enchant armour
 s - a scroll of blinking
 u - a scroll of fog
Potions
 h - 3 potions of curing
 m - a potion of flight
 p - a potion of magic
 t - a potion of lignification {unknown}
 w - a potion of haste {unknown}


   Skills:
 * Level 8.4 Short Blades
 - Level 2.1 Dodging
 + Level 9.4 Stealth
 + Level 5.2 Spellcasting
 + Level 8.9 Hexes


You had 6 spell levels left.
You knew the following spells:

 Your Spells              Type           Power        Failure   Level  Hunger
a - Corona                Hex            #####..      1%          1    N/A
b - Ensorcelled Hibernat  Hex/Ice        ###...       3%          2    N/A
c - Confusing Touch       Hex            #####...     1%          3    N/A
d - Tukima's Dance        Hex            #####...     1%          3    N/A
e - Dazzling Flash        Conj/Hex       ###...       6%          3    N/A

Your spell library contained the following spells:

 Spells                   Type           Power        Failure   Level  Hunger
 Magic Dart               Conj           #...         13%         1    N/A
 Searing Ray              Conj           #.....       21%         2    N/A
 Fulminant Prism          Conj/Hex       ###.......   21%         4    N/A
 Iskenderun's Mystic Bla  Conj/Tloc      #.......     78%         4    N/A

Dungeon Overview and Level Annotations

Branches:
Dungeon (7/15)             Temple (1/1) D:7

Altars:
Ashenzari
Cheibriados
Dithmenos
Elyvilon
Hepliaklqana
Kikubaaqudgha
Makhleb
Okawaru
Qazlal
Ru
Sif Muna
Trog
Uskayaw
Vehumet
Xom
Zin
The Shining One


Innate Abilities, Weirdness & Mutations

You do not eat.
You do not regenerate when monsters are visible.
You are frail without blood (-20% HP).
You can heal yourself when you bite living creatures.
You are immune to poison.
You have razor-sharp teeth.
You have supernaturally acute eyesight. (SInv)
You can survive without breathing.


Message History

You destroy the wight!
Dithmenos accepts your kill.
Casting: Confusing Touch (safe; 1% risk of failure)
Confirm with . or Enter, or press ? or * to list all spells.
Your hands begin to glow red.
The wight hits you with a cursed +0 flail.
You barely miss the wight.
The wight hits you with a cursed +0 flail!
You hit the wight but do no damage. You hit the wight but do no damage.
The wight hits you with a cursed +0 flail.
* * * LOW HITPOINT WARNING * * *
You hit the wight but do no damage. You hit the wight but do no damage.
The wight hits you with a cursed +0 flail.
* * * LOW HITPOINT WARNING * * *
You barely miss the wight. You hit the wight but do no damage.
The wight hits you with a cursed +0 flail!
You die...

.##..#.#######.....#..#
.##..#................#
...>...#########.####.#
###..#.## #.#
###...#.###### #.#
.......[(....# #.#
#.#####.####.# #.# #.#
#.# #.# #z# ..#
#.####.###@###### ..#
#..<.............. #.#
#.###############. ..
..# ..


You could see a wight.

Vanquished Creatures
  Sigmund (D:3)
  3 orc warriors
  A hornet zombie (D:7)
  A phantom (D:7)
  An ogre (D:4)
  2 centaurs
  A bullfrog (D:5)
  2 scorpions
  5 wights
  A howler monkey (D:5)
  A crimson imp (D:6)
  2 bullfrog zombies
  A hound (D:6)
  An orc priest (D:6)
  2 bullfrog skeletons (D:6)
  A jelly (D:7)
  A centaur skeleton (D:6)
  Ijyb (D:4)
  An iguana (D:6)
  4 worker ants
  7 orc wizards
  A hound zombie (D:7)
  A howler monkey skeleton (D:4)
  4 gnolls (D:5)
  8 adders
  A shadow imp (D:5)
  An ooze (D:2)
  4 worms
  13 dart slugs
  7 leopard geckos
  26 orcs
  6 bats
  6 giant cockroaches
  15 goblins
  9 hobgoblins
  3 jackals (D:6)
  2 quokkas
  A ball python (D:2)
  3 frilled lizards (D:2)
  A jackal zombie (D:5)
  6 kobolds
  6 rats
164 creatures vanquished.

Notes
Turn   | Place    | Note
-------+----------+-------------------------------------------
     0 | D:1      | kae the Vampire Enchanter began the quest for the Orb.
     0 | D:1      | Reached XP level 1. HP: 13/13 MP: 3/3
   101 | D:1      | Reached XP level 2. HP: 19/19 MP: 0/5
   105 | D:1      | Learned a level 2 spell: Ensorcelled Hibernation
   438 | D:1      | Reached XP level 3. HP: 24/24 MP: 6/6
   674 | D:2      | Reached skill level 5 in Stealth
   833 | D:2      | Reached skill level 5 in Hexes
   858 | D:2      | Reached XP level 4. HP: 30/30 MP: 7/7
   949 | D:2      | Found a radiant altar of Vehumet.
   950 | D:2      | Found a burning altar of Makhleb.
  1118 | D:2      | Learned a level 3 spell: Confusing Touch
  1617 | D:3      | Found a glowing golden altar of the Shining One.
  1697 | D:3      | Noticed a centaur
  1710 | D:3      | Reached XP level 5. HP: 18/35 MP: 6/9
  1715 | D:3      | Killed a centaur
  1912 | D:3      | Noticed Sigmund
  1946 | D:3      | Reached skill level 6 in Stealth
  1957 | D:3      | Killed Sigmund
  1957 | D:3      | Reached XP level 6. HP: 29/41 MP: 0/11
  2408 | D:4      | Reached skill level 5 in Short Blades
  2550 | D:3      | Reached XP level 7. HP: 35/46 MP: 9/12
  2825 | D:4      | Reached skill level 7 in Stealth
  2921 | D:4      | Noticed Ijyb
  2926 | D:4      | Killed Ijyb
  3245 | D:5      | Entered Level 5 of the Dungeon
  3579 | D:5      | Reached XP level 8. HP: 30/52 MP: 11/14
  3609 | D:5      | Found a white marble altar of Elyvilon.
  4218 | D:6      | Reached skill level 8 in Stealth
  4291 | D:6      | Found a shimmering blue altar of Sif Muna.
  5307 | D:6      | Reached skill level 9 in Stealth
  5307 | D:6      | Reached skill level 5 in Spellcasting
  5393 | D:6      | Found a burning altar of Makhleb.
  5462 | D:6      | Learned a level 3 spell: Tukima's Dance
  5466 | D:6      | Learned a level 3 spell: Dazzling Flash
  5594 | D:7      | Reached XP level 9. HP: 45/45 MP: 10/16
  5821 | D:7      | Found a staircase to the Ecumenical Temple.
  5842 | Temple   | Entered the Ecumenical Temple
  5848 | Temple   | Became a worshipper of Dithmenos the Shadowed
  5979 | D:7      | Slain by a wight

Levels and vault maps discovered:
D:1:      co_arrival_square_in_a_square_in_a_square, layout_rooms
D:2:      layout_loops_ring, grunt_temple_overflow_open, serial_glass,
          glass_columns_c, glass_columns_a, roderic_lattice_a, dk_vineyard_3,
          kennysheep_doodads, minmay_small_reverse_x
D:3:      cheibrodos_helix_gallery, layout_basic, tso_metal_star,
          chequers_serial_rivers_small_b, uniq_sigmund
D:4:      layout_rooms, first_ration, abandoned_shop, uniq_ijyb
D:5:      kennysheep_slugbush, layout_basic, nicolae_overflow_crystal_walls,
          serial_rivers, chequers_serial_rivers_large_b,
          chequers_serial_rivers_micro_c, chequers_serial_rivers_marsh,
          chequers_serial_rivers_micro_e
D:6:      layout_gridville, basic_altar, serial_bayou_pond_e,
          corexii_checkpoint_a, bloody_makhleb
D:7:      layout_loops_ring, minmay_temple_entry_gardened_gates, basic_altar
Temple:   nicolae_temple_x_marks_the_god

Skill      XL: |  1  2  3  4  5  6  7  8 |
---------------+-------------------------+-----
Short Blades   | 2 3 4 5 6 8 |  8.4
Stealth        | 5 6 7 9 |  9.4
Hexes          | 5 6 7 8 |  8.9
Spellcasting   | 3 4 5 |  5.2
Dodging        | |  2.1

Action                   |  1- 3 |  4- 6 |  7- 9 || total
-------------------------+-------+-------+-------++-------
Melee: Dagger            |    73 |   139 |   285 ||   497
       Bite              |     6 |     8 |    33 ||    47
 Cast: Corona            |     4 |     2 |       ||     6
       Ensorcelled Hiber |     4 |    41 |    54 ||    99
       Confusing Touch   |       |       |    10 ||    10
 Abil: Exsanguinate      |       |       |     1 ||     1
  Use: Potion            |       |     6 |       ||     6
       Scroll            |       |     9 |     4 ||    13
 Stab: Sleeping          |    23 |    33 |    46 ||   102
       Confused          |       |       |     3 ||     3
       Distracted        |       |       |     1 ||     1
Armor: Robe              |     8 |    25 |    54 ||    87
Dodge: Dodged            |    22 |    94 |   136 ||   252

Table legend:
 A = Non-vault XP
 B = Vault XP
 C = Vault XP percentage of total XP
 D = Non-vault monster count
 E = Vault monster count
 F = Vault count percentage of total count
                 A         B        C        D         E       F
            +---------+---------+-------+---------+---------+-------
      Total |    2812 |     325 |  10.4 |     145 |      19 |  11.6
            +---------+---------+-------+---------+---------+-------
        D:1 |      41 |       0 |   0.0 |      19 |       0 |   0.0
        D:2 |     106 |      11 |   9.4 |      27 |       4 |  12.9
        D:3 |     311 |     236 |  43.1 |      36 |       3 |   7.7
        D:4 |     362 |      38 |   9.5 |      12 |       1 |   7.7
        D:5 |     408 |      36 |   8.1 |      13 |       9 |  40.9
        D:6 |    1028 |       4 |   0.4 |      26 |       2 |   7.1
        D:7 |     556 |       0 |   0.0 |      12 |       0 |   0.0
            +---------+---------+-------+---------+---------+-------
